 Dungeon Crawl Stone Soup version 0.30.1-4-g462c640d31 (webtiles) character file.

Game seed: 15694255401045462039

71 MrPagan1517 the Magician (level 4, -1/31 HPs)
             Began as a Djinni Fire Elementalist on Aug 28, 2023.
             Slain by a scorpion (2 damage)
             ... on level 3 of the Dungeon.
             The game lasted 00:08:50 (1935 turns).

MrPagan1517 the Magician (Djinni Fire Elementalist) Turns: 1935, Time: 00:08:51

Health: -1/31      AC:  4    Str:  7    XL:     4   Next: 47%
Gold:   112        EV: 12    Int: 18    God:
                   SH:  0    Dex: 14

rFire   + + .        (no weapon)
rCold   x . .        (no shield)
rNeg    . . .        a - +2 robe
rPois   ∞            (no helmet)
rElec   .            (no cloak)
rCorr   .            (no gloves)
SInv    .            (boots unavailable)
Will    .....        (no amulet)
Stlth   ++           (no ring)
HPRegen 0.25/turn    (no ring)
MPRegen 0.00/turn

%: infuse magic (-2 HP)
@: flying
A: sickness immunity, fire resistance 2, cold vulnerability 1, float, innate
caster, HP casting, extra vitality 1
a: no special abilities


You were on level 3 of the Dungeon.
You visited 1 branch of the dungeon, and saw 3 of its levels.

You collected 112 gold pieces.

Inventory:

Armour
 a - a +2 robe (worn)
Scrolls
 b - a scroll of vulnerability {unknown}
 e - a scroll of fear
Potions
 d - a potion of attraction
 i - a potion of flight
 j - a potion of might


   Skills:
 + Level 2.4 Dodging
 + Level 2.0 Stealth
 + Level 3.6 Spellcasting


You knew the following spells:

 Your Spells              Type           Power      Damage    Failure   Level
a - Foxfire               Conj/Fire      64%        2x1d7     3%          1
b - Scorch                Fire           32%        2d6       5%          2
c - Volatile Blastmotes   Fire/Tloc      32%        2d12      11%         3
d - Inner Flame           Hex/Fire       16%        N/A       11%         3
e - Flame Wave            Conj/Fire      16%        2d7       34%         4
f - Necrotise             Necr           64%        1d7       3%          1
Your spell library was empty.

Dungeon Overview and Level Annotations

Branches:
Dungeon (3/15)

Altars:

Shops:
D:2 [

Annotations:
D:3 1 transporter, Jessica; Sigmund; bairyn's ghost, amateur SpRe


Innate Abilities, Weirdness & Mutations

You are immune to sickness and miasma.
You are immune to poison.
Your flesh is very heat resistant. (rF++)
You are vulnerable to cold. (rC-)
You float through the air rather than walking.
You learn spells naturally, not from books.
Your magical power is your life essence.
You have superior vitality. (+4 MHP)


Message History

The jackal bites you but does no damage.
The scorpion barely misses you. The hound bites you.
The scorpion attacks as you move away! The scorpion barely misses you.
The foxfire hits the jackal but does no damage.
The jackal is severely wounded.
The foxfire hits the jackal.
The jackal is almost dead.
The hound closely misses you.
Casting: Foxfire (safe; 3% risk of failure)
Confirm with . or Enter, or press ? or * to list all spells.
You conjure some foxfire!
Jessica shouts!
You hear an angry hiss.
The jackal bites you but does no damage.
The hound barely misses you. The scorpion stings you! The jackal bites you.
The hound bites you.
Your foxfire dissipates!
The jackal attacks as you move away! The jackal closely misses you.
The scorpion attacks as you move away!
The scorpion stings you but does no damage.
The frilled lizard hisses angrily.
You hear a shout!
The foxfire hits the jackal.
You kill the jackal!
Your Stealth skill increases to level 2!
Casting: Foxfire (safe; 3% risk of failure)
Confirm with . or Enter, or press ? or * to list all spells.
You conjure some foxfire!
The scorpion closely misses you. The hound bites you.
The hound bites you but does no damage. The scorpion stings you.
* * * LOW HITPOINT WARNING * * *
The foxfire hits bairyn's ghost.
Bairyn's ghost is moderately damaged.
Your foxfire dissipates!
The hound bites you but does no damage. The scorpion stings you.
* * * LOW HITPOINT WARNING * * *
The hound closely misses you. The hound bites you.
* * * LOW HITPOINT WARNING * * *
The scorpion barely misses you. The hound closely misses you.
The hound bites you.
* * * LOW HITPOINT WARNING * * *
The scorpion stings you.
You die...

#..##......[##..##
###..#8.#...#.8#...#
.....#...#.#...#...#####
.....#....)....#........
....©#!...©."..#©..##.##
.....#[.o......#..## #
.....#Wh.#.#...#..#
....@#8s#...#.8#..#
....(##@......##...
.....l#########...#.
....@..S..........##
.................##
...........##.##
.........#.# .#
...#######.# ... ..


You could see Sigmund, a scorpion, a hound, bairyn's ghost, Jessica, an orc, a
ball python and a frilled lizard.

Vanquished Creatures
  2 adders
  3 worms
  6 endoplasms
  3 goblins
  7 hobgoblins
  A jackal (D:3)
  3 quokkas
  A ball python (D:2)
  6 bats
  A frilled lizard (D:2)
  5 kobolds
  2 rats (D:1)
40 creatures vanquished.

Vanquished Creatures (others)
  94 foxfires
94 creatures vanquished.

Grand Total: 134 creatures vanquished

Notes
Turn   | Place    | Note
-------+----------+-------------------------------------------
     0 | D:1      | MrPagan1517 the Djinni Fire Elementalist began the quest
                  | for the Orb.
     0 | D:1      | MrPagan1517 set off with the following spells memorised:
                  | Foxfire, Scorch, Volatile Blastmotes, Inner Flame, Flame
                  | Wave.
     0 | D:1      | Reached XP level 1. HP: 15/15 MP: 0/0
   116 | D:1      | Reached XP level 2. HP: 18/21 MP: 0/0
   849 | D:1      | Reached skill level 3 in Spellcasting
   927 | D:1      | Found a faded altar of an unknown god.
  1011 | D:2      | Reached XP level 3. HP: 24/25 MP: 0/0
  1011 | D:2      | Learned a level 1 spell: Necrotise
  1061 | D:2      | Found Suqips's Armour Emporium.
  1570 | D:2      | Reached XP level 4. HP: 29/31 MP: 0/0
  1885 | D:3      | Noticed bairyn's ghost (amateur SpRe)
  1889 | D:3      | Found a transporter.
  1889 | D:3      | Noticed a scorpion
  1923 | D:3      | Found a transporter.
  1927 | D:3      | Noticed Jessica
  1931 | D:3      | Noticed Sigmund
  1934 | D:3      | HP: 1/31 [hound (1)]
  1935 | D:3      | Slain by a scorpion

Illustrated notes

Levels and vault maps discovered:
D:1:      ebering_trefoil_3fold, layout_basic,
          shapermc_ecumenical_altar_flowoftime, minmay_tetromino_t4
D:2:      layout_loops_cross, serial_shops, shop
D:3:      layout_basic, lemuel_coloured_pillars_altar, gammafunk_ghost_arena,
          uniq_sigmund, uniq_jessica

Skill      XL: |  1  2  3  4 |
---------------+-------------+-----
Spellcasting   | 3 |  3.6
Stealth        | 2 |  2.0
Dodging        | |  2.4

Action                     |  1- 3 |  4- 6 || total
---------------------------+-------+-------++-------
  Melee: Unarmed           |     1 |       ||     1
   Cast: Foxfire           |    64 |     5 ||    69
         Scorch            |       |    15 ||    15
    Use: Scroll            |       |     9 ||     9
 Armour: Robe              |     4 |     6 ||    10
  Dodge: Dodged            |    11 |    10 ||    21
